[Event "Titled Tuesday Blitz November 08 Late 2022"]
[White "Nakamura, Hikaru"]
[Black "Firouzja, Alireza"]
[WhiteFideId "2016192"]
[BlackFideId "12573981"]
[WhiteElo "2909"]
[BlackElo "2903"]
[Result "0-1"]
[Round "10"]
[TimeControl "180+1"]
[Date "2022.11.08"]
[WhiteClock "0:00:02"]
[BlackClock "0:00:05"]

1. e4 c6 2. Nc3 d5 3. Nf3 Bg4 4. h3 Bxf3 5. Qxf3 e6 6. Qe2 d4 7. Nb1 Ne7 8. g3 h5 9. h4 Nd7 10. Bh3 Ng6 11. d3 Bb4+ 12. Kf1 Qe7 13. a3 Ba5 14. Nd2 O-O-O 15. b4 Bc7 16. Nb3 Nb6 17. Nc5 Bd6 18. Bg5 f6 19. Bxe6+ Kb8 20. Bf5 fxg5 21. Bxg6 g4 22. e5 Bxc5 23. bxc5 Qxc5 24. e6 Nc8 25. Re1 Rh6 26. Bf7 Ne7 27. Qe5+ Qxe5 28. Rxe5 Rd5 29. Rg5 g6 30. Kg2 Kc7 31. Re1 Kd6 32. Re4 c5 33. Rxd5+ Kxd5 34. f3 gxf3+ 35. Kxf3 b5 36. Kf4 a5 37. Be8 b4 38. a4 Rh8 39. Bf7 Rb8 40. Kg5 b3 41. cxb3 Rxb3 42. Bxg6 Rxd3 43. Re5+ Kxe5 44. Bxd3 Kxe6 45. g4 hxg4 46. Kxg4 Kd5 47. h5 c4 48. Bh7 d3 49. h6 Kd4 50. Kg5 c3 51. Bxd3 Kxd3 52. h7 c2 53. h8=Q c1=Q+ 54. Kg4 Qc4+ 55. Kg3 Nf5+ 56. Kh3 Qxa4 57. Qd8+ Nd4 58. Qd5 Qb5 0-1


[Site "https://www.chess.com"]

[Event "Titled Tuesday Blitz November 08 Late 2022"]
[White "Paiva, Henrique M A Albergaria"]
[Black "Hajiyev, Kanan"]
[WhiteFideId "1920995"]
[BlackFideId "13404148"]
[WhiteElo "1953"]
[BlackElo "2118"]
[Result "1-0"]
[Round "10"]
[TimeControl "180+1"]
[Date "2022.11.09"]
[WhiteClock "0:00:18"]
[BlackClock "0:00:08"]

1. d4 g6 2. Nf3 Bg7 3. Bf4 d6 4. e3 Nd7 5. Nbd2 Ngf6 6. c3 O-O 7. h3 Re8 8. Be2 e5 9. Bh2 e4 10. Ng1 d5 11. c4 c6 12. Nb1 dxc4 13. Bxc4 Nd5 14. Ne2 N7b6 15. Bb3 a5 16. Nbc3 Kh8 17. a3 f5 18. Rc1 Qg5 19. Bg3 Be6 20. h4 Qe7 21. h5 g5 22. Nxd5 Bxd5 23. h6 Bf6 24. Nc3 Bf7 25. Bxf7 Qxf7 26. Qh5 Kg8 27. Ke2 Qxh5+ 28. Rxh5 Kf7 29. Bc7 Kg6 30. Rhh1 Ra6 31. Rcd1 Nd5 32. Nxd5 cxd5 33. Rc1 Rc8 34. g3 a4 35. Rc5 Be7 36. Rc3 b5 37. Rhc1 Kxh6 38. Be5 Rxc3 39. Rxc3 b4 40. axb4 Bxb4 41. Rc7 Rb6 42. Bg7+ Kg6 43. Be5 Bf8 44. Rc2 h5 45. f4 g4 46. Kd1 Bg7 47. Kc1 Bf6 48. Rc5 Rb3 49. Rc6 Rxe3 50. Rxf6+ Kh7 51. Rxf5 Kg6 52. Rg5+ Kh6 53. Rg8 Rxg3 54. f5 Rf3 55. f6 g3 56. Rxg3 Rxg3 57. Bxg3 Kg6 58. Bh4 Kf7 59. Kd2 Ke6 60. Ke3 Kf7 61. Kf4 Ke6 62. Bg5 Kf7 63. Ke5 h4 64. Bxh4 e3 65. Kxd5 e2 66. Ke5 Kg6 67. Be1 Kf7 68. d5 Ke8 69. Ke6 Kf8 70. d6 a3 71. bxa3 Ke8 72. f7+ Kf8 73. d7 Kg7 74. d8=Q Kg6 75. Qg8+ Kh5 76. a4 Kh6 77. f8=Q+ Kh5 78. Qf5+ Kh6 79. Qh3# 1-0


[Site "https://www.chess.com"]

[Event "Titled Tuesday Blitz November 08 Late 2022"]
[White "Paravyan, David"]
[Black "Andreikin, Dmitry"]
[WhiteFideId "4194985"]
[BlackFideId "4158814"]
[WhiteElo "2546"]
[BlackElo "2736"]
[Result "1/2-1/2"]
[Round "10"]
[TimeControl "180+1"]
[Date "2022.11.08"]
[WhiteClock "0:00:04"]
[BlackClock "0:00:08"]

1. e4 c5 2. Nf3 Nc6 3. Nc3 e6 4. d4 cxd4 5. Nxd4 Qc7 6. Nxc6 bxc6 7. Bd3 d5 8. Qe2 Nf6 9. exd5 cxd5 10. Nb5 Qb8 11. g3 Bd6 12. Nxd6+ Qxd6 13. Bf4 Qb6 14. Be5 O-O 15. Bxf6 gxf6 16. Qg4+ Kh8 17. Qh4 f5 18. Qf6+ Kg8 19. g4 e5 20. Qxe5 Qb4+ 21. c3 Qxb2 22. Rb1 Qa3 23. gxf5 f6 24. Rg1+ Kh8 25. Qc7 Bd7 26. Kf1 Rf7 27. Rg3 Re8 28. Rb8 Rxb8 29. Qxb8+ Qf8 30. Qf4 Qc5 31. Kg2 Bc6 32. Qb8+ Qf8 33. Qf4 d4+ 34. Be4 Qa8 35. Bxc6 Qxc6+ 36. Kh3 Qe8 37. cxd4 Rd7 38. Qg4 Qf7 39. Kg2 Qd5+ 40. Kg1 Qxa2 41. Qf4 Qa1+ 42. Kg2 Qxd4 43. Qb8+ Rd8 44. Qc7 Qd7 45. Qc3 Qxf5 46. Qc7 Qd7 47. Qc3 Qd5+ 48. Kg1 Qd1+ 49. Kg2 Qd5+ 50. Kg1 Qe6 51. h3 Rg8 52. Kh2 Rxg3 53. fxg3 Qe2+ 54. Kg1 Qe5 55. Qc8+ Kg7 56. Qb7+ Kg6 57. Kg2 Qe2+ 58. Kg1 Qe3+ 59. Kg2 a5 60. Qa8 Qd2+ 61. Kg1 Qc1+ 62. Kg2 Qb2+ 63. Kg1 Qb1+ 64. Kg2 Qa2+ 65. Kg1 a4 66. Qe8+ Kf5 67. Qh5+ Ke6 68. Qe8+ Kd6 69. Qf8+ Ke5 70. Qb8+ Kd4 71. Qf4+ Kd3 72. Qf5+ Kc3 73. Qxf6+ Kc2 74. Qf5+ Kb2 75. Qe5+ Kb1 76. Qe1+ Kc2 77. Qe2+ Kb3 78. Qe6+ Ka3 79. Qd6+ Kb2 80. Qd2+ Ka1 81. Qd4+ Kb1 82. Qd1+ Kb2 83. Qd2+ Ka3 84. Qd6+ Kb3 85. Qd5+ Kb2 86. Qd2+ 1/2-1/2


[Site "https://www.chess.com"]

[Event "Titled Tuesday Blitz November 08 Late 2022"]
[White "Perez Cruz, Adianet"]
[Black "Clawitter, Craig"]
[WhiteFideId "3510115"]
[BlackFideId "2023105"]
[WhiteElo "2090"]
[BlackElo "2152"]
[Result "0-1"]
[Round "10"]
[TimeControl "180+1"]
[Date "2022.11.09"]
[WhiteClock "0:01:43"]
[BlackClock "0:02:04"]

1. d4 e6 2. Nf3 Nf6 3. Bf4 b6 4. e3 Be7 5. Nbd2 Bb7 6. c4 Nh5 7. Be5 d6 8. Bg3 Nd7 9. Bd3 g6 10. Qe2 O-O 11. O-O Nxg3 12. hxg3 c5 13. Be4 d5 14. Bd3 a6 15. a4 cxd4 16. Nxd4 Nc5 17. Bc2 Bf6 18. cxd5 Qxd5 19. b4 Qxg2# 0-1


[Site "https://www.chess.com"]

[Event "Titled Tuesday Blitz November 08 Late 2022"]
[White "Petersson, Kjell"]
[Black "Sanchez, Robert"]
[WhiteFideId "1705148"]
[BlackFideId "2034360"]
[WhiteElo "2009"]
[BlackElo "2283"]
[Result "1-0"]
[Round "10"]
[TimeControl "180+1"]
[Date "2022.11.09"]
[WhiteClock "0:00:26"]
[BlackClock "0:01:16"]

1. d4 d5 2. Bf4 c6 3. e3 Nf6 4. Nd2 e6 5. Ngf3 Nbd7 6. Bd3 h6 7. h3 Be7 8. c3 O-O 9. Ne5 Nxe5 10. dxe5 Nd7 11. Qg4 f5 12. exf6 Nxf6 13. Qg6 Qe8 14. O-O Bd7 15. Be5 Qxg6 16. Bxg6 Be8 17. Bc2 Nd7 18. Bg3 e5 19. e4 Bg6 20. Rac1 Kh7 21. Rfe1 Bg5 22. Re2 Rae8 23. h4 Bxd2 24. Rxd2 Nf6 25. f3 dxe4 26. Bf2 exf3 27. Bxa7 fxg2 28. Bxg6+ Kxg6 29. Rxg2+ Kh7 30. Re1 Nd5 31. Bc5 Rf5 32. Kh2 Nf4 33. Rg3 g5 34. hxg5 hxg5 35. Reg1 Kg6 36. Be3 Rh8+ 1-0


[Site "https://www.chess.com"]

[Event "Titled Tuesday Blitz November 08 Late 2022"]
[White "Poliakova, Varvara"]
[Black "Pakleza, Zbigniew"]
[WhiteFideId "13518313"]
[BlackFideId "1119290"]
[WhiteElo "2099"]
[BlackElo "2411"]
[Result "0-1"]
[Round "10"]
[TimeControl "180+1"]
[Date "2022.11.09"]
[WhiteClock "0:00:06"]
[BlackClock "0:00:05"]

1. e4 d6 2. d4 Nf6 3. Nc3 c6 4. Bg5 Qb6 5. Rb1 e5 6. Nf3 Nbd7 7. Bc4 Be7 8. O-O O-O 9. Bb3 exd4 10. Nxd4 Nc5 11. Re1 Re8 12. Qd2 Bd7 13. Rbd1 Rad8 14. h3 Bc8 15. Nf5 Bxf5 16. exf5 d5 17. Qd4 Nxb3 18. Qxb6 axb6 19. axb3 b5 20. Ne2 h6 21. Be3 Ne4 22. Nd4 Bf6 23. f3 Ng3 24. Kf2 Bxd4 25. Bxd4 Nxf5 26. Bb6 Ra8 27. Ra1 f6 28. g4 Nh4 29. Rxa8 Rxa8 30. Re7 Ra1 31. Rxb7 Rc1 32. c3 Rc2+ 33. Ke3 Rxb2 34. Rb8+ Kf7 35. b4 g5 36. Rb7+ Kg6 37. Bc7 h5 38. Rb6 Ng2+ 39. Kd3 Ne1+ 40. Kd4 Nxf3+ 41. Kc5 hxg4 42. hxg4 Rg2 43. Rxc6 Rxg4 44. Kxb5 d4 45. c4 d3 46. Rd6 Nd4+ 47. Kc5 d2 48. b5 d1=Q 49. b6 Nb3+ 50. Kc6 Na5+ 51. Kd7 Qxd6+ 52. Bxd6 Rxc4 53. b7 Nxb7 0-1


[Site "https://www.chess.com"]

[Event "Titled Tuesday Blitz November 08 Late 2022"]
[White "Polster, Christian"]
[Black "Pinheiro, Iung Alicio de O."]
[WhiteFideId "12965081"]
[BlackFideId "2104350"]
[WhiteElo "2209"]
[BlackElo "2283"]
[Result "0-1"]
[Round "10"]
[TimeControl "180+1"]
[Date "2022.11.09"]
[WhiteClock "0:00:01"]
[BlackClock "0:00:59"]

1. e4 c6 2. d4 d5 3. e5 Bf5 4. h4 h6 5. g4 Bd7 6. f4 c5 7. c3 e6 8. Nf3 Qb6 9. Rh2 Bb5 10. Be3 h5 11. gxh5 Bxf1 12. Kxf1 Nh6 13. Ng5 Nf5 14. Qf3 Nc6 15. Nd2 cxd4 16. cxd4 Ncxd4 17. Bxd4 Nxd4 18. Qd3 Nf5 19. Rc1 Bc5 0-1


[Site "https://www.chess.com"]

[Event "Titled Tuesday Blitz November 08 Late 2022"]
[White "Przybylski, Wojciech"]
[Black "Gritsenko, Nikolai"]
[WhiteFideId "1117599"]
[BlackFideId "14112493"]
[WhiteElo "2221"]
[BlackElo "2389"]
[Result "0-1"]
[Round "10"]
[TimeControl "180+1"]
[Date "2022.11.09"]
[WhiteClock "0:00:02"]
[BlackClock "0:00:08"]

1. e4 c5 2. Nf3 Nf6 3. Nc3 Nc6 4. Bb5 e6 5. O-O Be7 6. Bxc6 bxc6 7. d3 O-O 8. Re1 Ne8 9. Be3 f6 10. d4 cxd4 11. Nxd4 Qc7 12. Qh5 Qe5 13. Qh3 Nd6 14. Nb3 Nc4 15. Bd4 Qc7 16. Ne2 e5 17. Bc3 d5 18. Qd3 Be6 19. Nd2 d4 20. Nxc4 dxc3 21. Qxc3 Rab8 22. a3 Kh8 23. Ne3 Qb6 24. b3 Bc5 25. Red1 Rbd8 26. Rxd8 Rxd8 27. Rd1 Rxd1+ 28. Nxd1 Bxa3 29. Qd3 Bc5 30. Kf1 a5 31. Ne3 g6 32. Nc4 Qc7 33. Nc3 Kg7 34. Na4 Be7 35. h3 h5 36. Ke2 h4 37. Nc3 Bb4 38. Na4 f5 39. Ne3 Kf6 40. Nb2 Qd6 41. Nbc4 Qd4 42. Qxd4 exd4 43. exf5 gxf5 44. Nd1 Bxc4+ 45. bxc4 a4 46. c3 a3 47. cxb4 a2 48. b5 cxb5 49. cxb5 a1=Q 50. b6 Qb1 51. b7 Qxb7 52. Kd3 Qxg2 53. Kxd4 Qe4+ 54. Kc3 Qf3+ 55. Kd2 f4 56. Nc3 Qxf2+ 57. Kd3 Qe3+ 58. Kc4 Qxh3 59. Nd5+ Kg5 60. Nc7 Qc8 61. Kd5 Qxc7 62. Ke4 Qc3 63. Kd5 f3 64. Ke4 f2 0-1


[Site "https://www.chess.com"]

[Event "Titled Tuesday Blitz November 08 Late 2022"]
[White "Putnam, Liam"]
[Black "Zhigalko, Sergei"]
[WhiteFideId "30938279"]
[BlackFideId "13502956"]
[WhiteElo "2082"]
[BlackElo "2662"]
[Result "0-1"]
[Round "10"]
[TimeControl "180+1"]
[Date "2022.11.08"]
[WhiteClock "0:00:07"]
[BlackClock "0:00:12"]

1. e4 c5 2. Nf3 Nc6 3. Bb5 Nf6 4. e5 Nd5 5. O-O Nc7 6. Bxc6 dxc6 7. h3 h6 8. Nc3 Bf5 9. d3 Ne6 10. Be3 g5 11. Qe2 Bg7 12. Rad1 Nd4 13. Bxd4 cxd4 14. Ne4 O-O 15. Ng3 Bg6 16. e6 f6 17. Rfe1 Qd6 18. Nd2 Rad8 19. Nc4 Qd5 20. Nh5 Bh8 21. Nd2 Rd6 22. Nc4 Rdd8 23. Nd2 b5 24. Ne4 Qxe6 25. Nexf6+ Rxf6 26. Qxe6+ Rxe6 27. Rxe6 Bxh5 28. g4 Bf7 29. Rxe7 a5 30. Rde1 a4 31. a3 Bf6 32. Rc7 Bd5 33. Ra7 Rf8 34. Kh2 Bd8 35. Kg1 Bb6 36. Rb7 Bc5 37. Re5 Bd6 38. Rxd5 cxd5 39. Rxb5 Rc8 40. Rxd5 Bf8 41. Rxd4 Rxc2 42. Rxa4 Rxb2 43. Kg2 Rd2 44. d4 Rd3 45. Rc4 Bxa3 46. Rc8+ Bf8 47. Rd8 Kf7 48. Rd7+ Be7 49. d5 Ke8 50. Rc7 Rxd5 51. Rc6 Rd6 52. Rc8+ Kf7 53. Rh8 Kg7 54. Rc8 Bf6 55. Rc4 Rd4 56. Rc6 Kg6 57. Kg3 Kg7 58. Rc7+ Kf8 59. Rc8+ Kf7 60. Rc7+ Be7 61. Rc6 Bd6+ 62. Kf3 Rd5 63. Ke4 Rd1 64. Kf5 Kg7 65. Ke6 Bf4 66. Ra6 Re1+ 67. Kd5 Re5+ 68. Kd4 Re7 69. Ra3 Bh2 70. Ra5 Bg1 71. Rf5 Rf7 72. Ke4 Rxf5 73. Kxf5 Bxf2 74. Ke6 Kg6 75. Ke7 Bd4 76. Ke6 Bf6 77. Kd6 Kf7 78. Kd7 Be7 79. Kc6 Ke6 80. Kc7 Ke5 81. Kd7 Bc5 82. Ke8 Bf2 83. Kf7 Kf4 84. Kg6 Bh4 85. Kxh6 Kg3 86. Kg6 Kxh3 87. Kf5 Kg3 88. Ke4 Kxg4 89. Ke3 Kg3 90. Ke2 Kg2 91. Ke3 g4 92. Kf4 g3 93. Kg4 Kh2 94. Kf3 g2 0-1


[Site "https://www.chess.com"]

[Event "Titled Tuesday Blitz November 08 Late 2022"]
[White "Rasulov, Vugar"]
[Black "Indjic, Aleksandar"]
[WhiteFideId "13402390"]
[BlackFideId "911925"]
[WhiteElo "2509"]
[BlackElo "2592"]
[Result "0-1"]
[Round "10"]
[TimeControl "180+1"]
[Date "2022.11.08"]
[WhiteClock "0:00:01"]
[BlackClock "0:00:28"]

1. d4 Nf6 2. c4 e6 3. Nf3 c5 4. d5 d6 5. Nc3 exd5 6. cxd5 g6 7. e4 a6 8. a4 Bg4 9. Be2 Bxf3 10. Bxf3 Nbd7 11. O-O Bg7 12. Bf4 Qe7 13. Qb3 Rb8 14. a5 O-O 15. Rfe1 b5 16. axb6 Rxb6 17. Qc2 Rfb8 18. Ra2 Ne8 19. h3 Nc7 20. Bc1 h5 21. Be2 Bd4 22. Bf1 Qf6 23. Nd1 Ne5 24. Be3 Bxe3 25. Nxe3 Rxb2 26. Rxb2 Rxb2 27. Qxb2 Nf3+ 28. gxf3 Qxb2 29. Nc4 Qf6 30. e5 dxe5 31. d6 Ne6 32. Nxe5 Qg5+ 33. Kh1 Qd2 34. Nd3 Kf8 35. d7 Ke7 36. Re2 Qd1 37. Re1 Qxf3+ 38. Kg1 Qd5 39. Ne5 Qd2 40. Re3 Qd1 41. Kg2 Nf4+ 42. Kg1 Ne6 43. Kg2 f6 44. Nxg6+ Kf7 45. Rd3 Qa4 46. Nh8+ Kg7 47. d8=Q Nxd8 48. Rxd8 Qe4+ 49. Kg1 c4 50. Rc8 Qe6 51. Rxc4 a5 52. Ra4 Qb6 53. Bg2 Kxh8 54. Ra2 Kg7 55. Kh2 Qb5 56. Bf3 Qf5 57. Kg2 Qg5+ 58. Kh2 Kf8 59. Ra4 Ke7 60. Ra2 Kd6 0-1


[Site "https://www.chess.com"]

[Event "Titled Tuesday Blitz November 08 Late 2022"]
[White "Reprintsev, Alexander"]
[Black "Souleidis, Georgios"]
[WhiteFideId "14100541"]
[BlackFideId "4206827"]
[WhiteElo "2230"]
[BlackElo "2401"]
[Result "1-0"]
[Round "10"]
[TimeControl "180+1"]
[Date "2022.11.09"]
[WhiteClock "0:00:20"]
[BlackClock "0:00:03"]

1. e4 c5 2. b3 e6 3. Qe2 a6 4. Bb2 Nc6 5. Nf3 b5 6. a4 Nb4 7. d3 Bb7 8. g3 d6 9. Bg2 Nf6 10. O-O Be7 11. c3 Nc6 12. d4 Qb6 13. d5 exd5 14. exd5 Na5 15. c4 O-O 16. axb5 Nxb3 17. Ra3 Na5 18. Rxa5 Qxa5 19. Qxe7 Rfe8 20. Qxb7 Rab8 21. Qc6 Rb6 22. Qc7 axb5 23. Bxf6 gxf6 24. Nbd2 b4 25. Nb3 Qa6 26. Ra1 Qb7 27. Qxb7 Rxb7 28. Kf1 Rbb8 29. Ra6 Red8 30. Nfd2 Ra8 31. Rc6 Ra3 32. Be4 h6 33. Ke2 Kf8 34. Bc2 Ra2 35. Kd3 Ke7 36. Ne4 Rd7 37. g4 Ra3 38. Ng3 Ra2 39. Nf5+ Kf8 40. Rxd6 Rxd6 41. Nxd6 Ke7 42. Ne4 f5 43. gxf5 Kd7 44. Nexc5+ 1-0


[Site "https://www.chess.com"]

[Event "Titled Tuesday Blitz November 08 Late 2022"]
[White "Rodriguez Fontecha, Marcos"]
[Black "Goryachkina, Aleksandra"]
[WhiteFideId "2256576"]
[BlackFideId "4147103"]
[WhiteElo "2263"]
[BlackElo "2484"]
[Result "0-1"]
[Round "10"]
[TimeControl "180+1"]
[Date "2022.11.09"]
[WhiteClock "0:00:07"]
[BlackClock "0:00:16"]

1. Nf3 Nf6 2. g4 Nxg4 3. e4 d6 4. Nc3 e5 5. Bc4 c6 6. Rg1 h6 7. d4 exd4 8. Qxd4 Qf6 9. Qd3 Nd7 10. Rxg4 Nc5 11. Qd4 Qxd4 12. Nxd4 Bxg4 13. f3 Be6 14. Be2 Be7 15. b4 Nd7 16. f4 Bf6 17. Be3 Nb6 18. O-O-O O-O-O 19. Bd3 Rhe8 20. Bf2 g5 21. f5 Bc4 22. Nde2 Bxd3 23. cxd3 d5 24. Kc2 dxe4 25. Nxe4 Be5 26. h4 g4 27. h5 Nd5 28. a3 Nf6 29. Rg1 Nxe4 30. dxe4 Rg8 31. Be3 g3 32. Bxh6 Rg4 33. Rg2 Rh8 34. Be3 Rxh5 35. Nd4 Bxd4 36. Bxd4 Rh2 0-1


[Site "https://www.chess.com"]

[Event "Titled Tuesday Blitz November 08 Late 2022"]
[White "Romero Ruscalleda, Josep"]
[Black "Bilan, Danila"]
[WhiteFideId "2231859"]
[BlackFideId "24161918"]
[WhiteElo "2183"]
[BlackElo "2173"]
[Result "1-0"]
[Round "10"]
[TimeControl "180+1"]
[Date "2022.11.09"]
[WhiteClock "0:00:31"]
[BlackClock "0:00:03"]

1. e4 c6 2. Nc3 d5 3. Nf3 Bg4 4. h3 Bxf3 5. Qxf3 e6 6. d4 dxe4 7. Qxe4 Nf6 8. Qd3 Bd6 9. g3 Nbd7 10. Bg2 Qc7 11. O-O O-O 12. a4 a5 13. Re1 Rad8 14. Qc4 Rfe8 15. Bg5 h6 16. Be3 Nd5 17. Nxd5 exd5 18. Qd3 Re7 19. Re2 Rde8 20. Rae1 Nf6 21. Bd2 Bb4 22. c3 Bd6 23. Kf1 Qd7 24. Rxe7 Rxe7 25. Rxe7 Qxe7 26. Qe2 Ne4 27. Bxe4 dxe4 28. Be3 Qe6 29. Kg2 f5 30. Qd1 Kh7 31. b3 g5 32. f4 exf3+ 33. Qxf3 Kg6 34. c4 h5 35. Bf2 g4 36. hxg4 hxg4 37. Qd3 Bb4 38. d5 cxd5 39. cxd5 Qe4+ 40. Qxe4 fxe4 41. Bd4 Kf5 42. Kf2 Bd2 43. d6 Ke6 44. Bc5 Bg5 45. Ke2 Kd5 46. Bb6 Kc6 47. Bxa5 Kxd6 48. Bb6 Kc6 49. Be3 Bf6 50. Bf4 Bd4 51. Be3 Be5 52. Kd2 1-0


[Site "https://www.chess.com"]

[Event "Titled Tuesday Blitz November 08 Late 2022"]
[White "Rose, Felix"]
[Black "Aqib Javaid Butt"]
[WhiteFideId "5105722"]
[BlackFideId "7801262"]
[WhiteElo "2039"]
[BlackElo "1659"]
[Result "1-0"]
[Round "10"]
[TimeControl "180+1"]
[Date "2022.11.09"]
[WhiteClock "0:00:25"]
[BlackClock "0:00:58"]

1. d4 d5 2. Nc3 c6 3. Bf4 Nf6 4. e3 Bf5 5. f3 Bg6 6. Bd3 Bxd3 7. Qxd3 e6 8. O-O-O Bd6 9. Nge2 Qc7 10. g4 Nbd7 11. h4 e5 12. Bg5 h6 13. Bxf6 gxf6 14. Qf5 Ke7 15. Qh5 a5 16. Ng3 b5 17. Nf5+ Kf8 18. Nxh6 Nb6 19. g5 b4 20. Ne2 a4 21. gxf6 b3 22. Qg5 Ke8 23. cxb3 axb3 24. axb3 c5 25. dxe5 Bxe5 26. Kb1 Qa7 27. Qxe5+ 1-0


[Site "https://www.chess.com"]

[Event "Titled Tuesday Blitz November 08 Late 2022"]
[White "Roux, Baptiste"]
[Black "Manelyuk, Daniil"]
[WhiteFideId "36017450"]
[BlackFideId "44173920"]
[WhiteElo "2077"]
[BlackElo "2209"]
[Result "0-1"]
[Round "10"]
[TimeControl "180+1"]
[Date "2022.11.09"]
[WhiteClock "0:00:03"]
[BlackClock "0:00:13"]

1. e4 e6 2. d4 d5 3. Bd3 Nf6 4. e5 Nfd7 5. Ne2 c5 6. c3 Nc6 7. O-O Qb6 8. Bc2 Be7 9. Kh1 cxd4 10. cxd4 Nb4 11. Bb3 O-O 12. Nbc3 f6 13. exf6 Nxf6 14. Nf4 Kh8 15. a3 Nc6 16. Bc2 Qxd4 17. Qe2 Qe5 18. Qd3 Nd4 19. Bb1 Nb3 20. Be3 d4 21. Nce2 Nxa1 22. Bxd4 Qf5 23. Qe3 Nc2 24. Qd2 e5 25. Bxc2 Qd7 26. Qd3 exd4 27. Qxh7+ Nxh7 28. Ng6+ Kg8 29. Bb3+ Rf7 30. Ne5 Qe6 31. Bxe6 Bxe6 32. Nxf7 Bxf7 33. Nxd4 Nf6 34. Nf5 Bc5 35. Rc1 Rd8 36. h4 Bxf2 37. Rc7 Bxh4 38. Nxh4 Be6 39. Ng6 Ng4 40. Rc1 Kf7 41. Nf4 Bf5 0-1


[Site "https://www.chess.com"]

[Event "Titled Tuesday Blitz November 08 Late 2022"]
[White "Sarana, Alexey"]
[Black "Stoyanov, Tsvetan"]
[WhiteFideId "24133795"]
[BlackFideId "2917173"]
[WhiteElo "2708"]
[BlackElo "2349"]
[Result "1-0"]
[Round "10"]
[TimeControl "180+1"]
[Date "2022.11.08"]
[WhiteClock "0:00:02"]
[BlackClock "0:00:01"]

1. c4 e5 2. Nc3 Bb4 3. Nd5 a5 4. Nf3 d6 5. a3 Bc5 6. d4 exd4 7. Nxd4 Ne7 8. Bg5 f6 9. Bf4 Bxd4 10. Qxd4 Nbc6 11. Qd2 a4 12. e3 Na5 13. Rd1 Nb3 14. Qb4 Nc6 15. Qc3 Nc5 16. Be2 b6 17. Bf3 Bb7 18. O-O O-O 19. h4 Ne5 20. Be2 Qd7 21. h5 Qf7 22. Bh2 Ne4 23. Qc2 f5 24. Rd4 Rae8 25. Qxa4 Ng4 26. Nf4 Qe7 27. Qb3 Kh8 28. Rxe4 Bxe4 29. Bg3 Ne5 30. Qc3 Qf6 31. Rd1 Qh6 32. b4 g5 33. hxg6 hxg6 34. c5 bxc5 35. bxc5 g5 36. cxd6 cxd6 37. Nh3 f4 38. exf4 gxf4 39. Nxf4 Rxf4 40. Bxf4 Qxf4 41. Qh3+ Bh7 42. a4 Rf8 43. Rf1 Qxa4 44. Qh6 Qe8 45. Qxd6 Ng6 46. Bd3 Qe5 47. Qb4 Qg5 48. Bxg6 Rg8 49. Qd4+ 1-0


[Site "https://www.chess.com"]

[Event "Titled Tuesday Blitz November 08 Late 2022"]
[White "Silvestre, Christian"]
[Black "Desideri, Ricardo Maruchi"]
[WhiteFideId "30956269"]
[BlackFideId "2110440"]
[WhiteElo "2308"]
[BlackElo "1945"]
[Result "1-0"]
[Round "10"]
[TimeControl "180+1"]
[Date "2022.11.09"]
[WhiteClock "0:00:48"]
[BlackClock "0:00:01"]

1. e4 c5 2. Nc3 d6 3. f4 g6 4. Nf3 Bg7 5. Bc4 e6 6. d3 a6 7. O-O b5 8. Bb3 Ne7 9. f5 exf5 10. Ng5 O-O 11. Qe1 h6 12. Nf3 Nbc6 13. Qh4 Ne5 14. Bxh6 c4 15. Nxe5 cxb3 16. Nf3 bxc2 17. Ng5 Qb6+ 18. Kh1 Bb7 19. exf5 Nxf5 20. Rxf5 gxf5 21. Bxg7 Kxg7 22. Qh7+ Kf6 23. Qh6+ Ke7 24. Re1+ Kd7 25. Qf6 Rae8 26. Rg1 Re2 27. Nxe2 Qf2 28. Ne4 Qxe2 29. Qxf5+ Kc7 30. Qf4 Bxe4 31. dxe4 Qd1 32. Qc1 Qxc1 33. Rxc1 Kb6 34. Rxc2 Re8 35. Rd2 Rxe4 36. Rxd6+ Kc5 37. Rd1 Re2 38. Rb1 Rc2 39. h4 a5 40. Kh2 a4 41. Kg3 b4 42. h5 1-0


[Site "https://www.chess.com"]

[Event "Titled Tuesday Blitz November 08 Late 2022"]
[White "Simonovic, Miroslav"]
[Black "Rodriguez Santiago, Jaime"]
[WhiteFideId "919152"]
[BlackFideId "3100898"]
[WhiteElo "2043"]
[BlackElo "2025"]
[Result "0-1"]
[Round "10"]
[TimeControl "180+1"]
[Date "2022.11.09"]
[WhiteClock "0:00:13"]
[BlackClock "0:00:38"]

1. d4 Nf6 2. Bg5 Ne4 3. h4 h6 4. Bf4 d5 5. Nd2 Bf5 6. Nxe4 Bxe4 7. f3 Bh7 8. e3 c5 9. Bxb8 Qa5+ 10. c3 Rxb8 11. dxc5 Qxc5 12. Qd4 Qxd4 13. Bb5+ Kd8 14. exd4 a6 15. Be2 e6 16. Kd2 b5 17. a3 a5 18. Bd3 Bg8 19. Ne2 Bd6 20. f4 f6 21. Bg6 Rb7 22. h5 Bf7 23. g3 Bxg6 24. hxg6 Ke7 25. Nc1 Re8 26. Nd3 Kd7 27. Rhe1 Reb8 28. Re3 b4 29. axb4 axb4 30. Ra6 bxc3+ 31. bxc3 Rb6 32. Rxb6 Rxb6 33. g4 Ra6 34. Ke2 Ra2+ 35. Kf3 Rc2 36. Ne1 Rh2 37. Kg3 Ra2 38. Nf3 Bb8 39. Ng1 Ra1 40. Ne2 Rf1 41. Kg2 Ra1 42. f5 e5 43. dxe5 fxe5 44. Ng3 Ke7 45. Nh5 Kf8 46. f6 gxf6 47. Nxf6 Rd1 48. Nh5 Rd2+ 49. Kf3 e4+ 50. Rxe4 dxe4+ 51. Kxe4 Rc2 52. g7+ Kg8 53. Kd3 Rf2 54. c4 Rg2 55. Kc3 Be5+ 56. Kb4 Bxg7 57. Nxg7 Kxg7 58. Kb5 Rxg4 59. c5 h5 60. c6 Rg2 61. c7 Rc2 62. Kb6 h4 63. Kb7 h3 64. c8=Q Rxc8 65. Kxc8 h2 66. Kd7 h1=Q 67. Ke6 Qf3 68. Ke5 Kf7 69. Kd6 Qf5 70. Kc6 Ke7 71. Kc7 Qc5+ 72. Kb7 Kd7 73. Ka6 Qb4 0-1


[Site "https://www.chess.com"]

[Event "Titled Tuesday Blitz November 08 Late 2022"]
[White "Storey, Charles H"]
[Black "Ramirez, Maria Eugenia"]
[WhiteFideId "406686"]
[BlackFideId "3301680"]
[WhiteElo "2252"]
[BlackElo "1941"]
[Result "1-0"]
[Round "10"]
[TimeControl "180+1"]
[Date "2022.11.09"]
[WhiteClock "0:00:05"]
[BlackClock "0:00:01"]

1. c4 Nf6 2. g3 e6 3. Bg2 Be7 4. Nc3 O-O 5. Nf3 d5 6. O-O c6 7. cxd5 exd5 8. d4 Bg4 9. Bf4 Nbd7 10. a3 Re8 11. b4 Nh5 12. Be3 Bf6 13. b5 g6 14. bxc6 bxc6 15. Qa4 Qc7 16. Rfc1 Nb6 17. Qa5 Qd7 18. Nd2 Ng7 19. Na4 Nf5 20. Nxb6 axb6 21. Qxb6 Nxe3 22. fxe3 Rxe3 23. Qxc6 Qxc6 24. Rxc6 Rxe2 25. Rxf6 Rxd2 26. Bxd5 Ra7 27. Raf1 Rxd4 28. Bxf7+ Kg7 29. Be6 Bxe6 30. Rxe6 Rxa3 31. Re7+ Kh6 32. Rff7 Rd2 33. Rxh7+ Kg5 34. Re1 Raa2 35. Rh4 Rg2+ 36. Kh1 Rgf2 37. Rb1 Rab2 38. Rxb2 Rxb2 39. Rc4 Kf5 40. Rf4+ Kg5 41. h3 Rc2 42. Kg1 Rd2 43. Rf2 Rd3 44. Kg2 Kh5 45. h4 Kg4 46. Rf4+ Kh5 47. Kh3 Re3 48. Rf8 Kh6 49. Rh8+ Kg7 50. Rd8 Kf6 51. Rd4 Kf5 52. Rf4+ Ke5 53. Rb4 Kf5 54. Rb5+ Kf6 55. Rb6+ Kg7 56. Kg4 Re4+ 57. Kf3 Rc4 58. Re6 Kf7 59. Re4 Rc3+ 60. Kg4 Kf6 61. Rf4+ Kg7 62. Rd4 Rb3 63. Rd5 Rb4+ 64. Kg5 Rb7 65. g4 Re7 66. Rd6 Re5+ 67. Kf4 Rc5 68. Rd4 Rb5 69. Re4 Rc5 70. Re5 Rc4+ 71. Kg5 Rc6 72. Re7+ Kf8 73. Rd7 Ke8 74. Rg7 Kf8 75. Rxg6 Rc5+ 76. Kh6 Rc4 77. h5 1-0


[Site "https://www.chess.com"]